 Dungeon Crawl Stone Soup version 0.17-a0-1984-g55f5988 (webtiles) character file.

105 Ordine the Twirler (level 4, -1/37 HPs)
             Began as a Minotaur Gladiator on Oct 6, 2015.
             Killed by nerve-wracking pain
             ... invoked by an orc priest
              (12 damage)
             ... on level 3 of the Dungeon.
             The game lasted 00:04:27 (1555 turns).

Ordine the Twirler (Minotaur Gladiator)             Turns: 1555, Time: 00:04:27

Health: -1/37      AC:  7    Str: 19    XL:     4   Next: 54%
Magic:  3/3        EV: 12    Int:  5    God:
Gold:   134        SH:  0    Dex: 12    Spells: 0 memorised, 3 levels left

rFire  . . .     SeeInvis .     a - +0 quarterstaff
rCold  . . .     Clarity  .     b - +0 leather armour
rNeg   + . .     SustAt   .     (no shield)
rPois  .         Gourm    .     c - +1 hat
rElec  .         Spirit   .     q - +2 cloak
rCorr  .         Warding  .     (no gloves)
rMut   .         Stasis   .     (no boots)
MR     .....                    (no amulet)
Stlth  +.........               (no ring)
                                r - ring of positive energy

@: not resistant to hostile enchantments, very unstealthy
A: retaliatory headbutt, horns 2
a: no special abilities


You were on level 3 of the Dungeon.
You were not hungry.

You visited 1 branch of the dungeon, and saw 3 of its levels.

You collected 134 gold pieces.

Inventory:

Hand Weapons
 a - a +0 quarterstaff (weapon)
Missiles
 d - 3 throwing nets (quivered)
Armour
 b - a +0 leather armour (worn)
 c - a +1 hat (worn)
 q - a +2 cloak (worn)
Jewellery
 r - a ring of positive energy (left hand)
Scrolls
 f - a scroll of identify
 g - a scroll of teleportation
Potions
 j - a potion of brilliance
 k - 2 potions of resistance
 m - a potion of ambrosia
 p - 2 potions of heal wounds
Comestibles
 e - 3 bread rations
 o - a slice of pizza


   Skills:
 - Level 2.4 Fighting
 + Level 6.5 Staves
 - Level 2.0 Throwing
 - Level 3.2 Dodging


You had 3 spell levels left.
You didn't know any spells.

Dungeon Overview and Level Annotations

Branches:
Dungeon (3/15)

Altars:
Cheibriados
Dithmenos
Nemelex Xobeh
Sif Muna


Innate Abilities, Weirdness & Mutations

You reflexively headbutt those who attack you in melee.
You have a pair of horns on your head.


Message History

The orc is almost dead.
The orc priest invokes the aid of Beogh against you.
Pain shoots through your body! The orc hits you with a hand axe.
* * * LOW HITPOINT WARNING * * *
You are too injured to fight recklessly!
You are too injured to fight recklessly!
You are too injured to fight recklessly!
You are too injured to fight recklessly!
You are too injured to fight recklessly!
You hit the orc priest.
The orc priest is heavily wounded.
The orc closely misses you.
The orc priest hits you but does no damage.
The orc closely misses you. You furiously retaliate!
You headbutt the orc!
You kill the orc!
You closely miss the orc priest. Your headbutt misses the orc priest.
The orc priest is moderately wounded.
The orc priest invokes the aid of Beogh against you.
Pain shoots through your body!
You die...

.
###..##..######.
#.....##........
#.##>...#######.
... ##...#####
..# ###..(..# ##
#.....# ##....#
##....# #@)...#
#)o....#
.oo###.....
..#go ..##.. #..
... ### # #.
.... . #....
##...


You could see 2 orc priests, 2 orcs and a hobgoblin.

Vanquished Creatures
  The ghost of Banto the Charmwright, a weakling HESk (D:3)
  An adder (D:3)
  2 worms
  3 giant geckos
  3 orcs (D:3)
  6 hobgoblins
  5 jackals
  A ball python (D:2)
  6 bats
  2 giant cockroaches (D:2)
  6 giant newts
  3 goblins
  9 kobolds
  A rat (D:2)
  A bush (D:2)
50 creatures vanquished.

Notes
Turn   | Place    | Note
--------------------------------------------------------------
     0 | D:1      | Ordine the Minotaur Gladiator began the quest for the Orb.
     0 | D:1      | Reached XP level 1. HP: 18/18 MP: 0/0
    95 | D:1      | Reached skill level 4 in Staves
   159 | D:1      | Reached XP level 2. HP: 9/25 MP: 1/1
   778 | D:2      | Reached skill level 5 in Staves
   795 | D:2      | Reached XP level 3. HP: 30/30 MP: 2/2
   830 | D:2      | Found a shadowy altar of Dithmenos.
  1010 | D:2      | Found a snail-covered altar of Cheibriados.
  1311 | D:2      | Found a sparkling altar of Nemelex Xobeh.
  1312 | D:2      | Found a deep blue altar of Sif Muna.
  1420 | D:3      | Noticed Banto's ghost (weakling HESk)
  1425 | D:3      | Killed Banto's ghost
  1425 | D:3      | Reached skill level 6 in Staves
  1425 | D:3      | Reached XP level 4. HP: 30/37 MP: 3/3
  1555 | D:3      | Killed from afar by an orc priest

Vault maps used:
D:1:      evilmike_arrival_plus
D:2:      gammafunk_temple_overflow_forgotten, nicolae_dithmenos_shadow_blocks
D:3:      first_bread, minmay_rats_cheesy_pizza

Action                   |  1- 3 |  4- 6 || total
-------------------------+-------+-------++-------
Melee: Quarterstaff      |   127 |    21 ||   148
  Use: Scroll            |     7 |     5 ||    12
  Eat: Chunk             |     1 |     1 ||     2
